 Dungeon Crawl Stone Soup version 0.29-a0-214-g17f627cfee (webtiles) character file.

Game seed: 13335465984820864024

6 sammy202020 the Cutter (level 1, 11/11 HPs)
             Began as a Vampire Berserker on Feb 25, 2022.
             Was a Follower of Trog.
             Quit the game on level 1 of the Dungeon.
             The game lasted 00:02:24 (130 turns).

sammy202020 the Cutter (Vampire Berserker)           Turns: 130, Time: 00:02:24

Health: 11/11      AC:  2    Str: 16    XL:     1   Next: 75%
Magic:  1/1        EV: 12    Int:  9    God:    Trog [*.....]
Gold:   37         SH:  0    Dex: 13    Spells: 0/0 levels left

rFire   . . .      SeeInvis +   a - +0 short sword
rCold   . . .      Faith    .   (no shield)
rNeg    . . .      Spirit   .   b - +0 animal skin
rPois   .          Reflect  .   (no helmet)
rElec   .          Harm     .   (no cloak)
rCorr   .          Rampage  .   (no gloves)
Will    .....                   (no boots)
Stlth   +.........              (no amulet)
HPRegen 0.23/turn               (no ring)
MPRegen 0.07/turn               (no ring)

@: healing quickly
A: alive, fangs 3, see invisible, vampiric 1, [frail 3]
a: Exsanguinate, Renounce Religion, Berserk


You were on level 1 of the Dungeon.
You worshipped Trog.
Trog was aware of your devotion.
You visited 1 branch of the dungeon, and saw 1 of its levels.

You collected 37 gold pieces.

Inventory:

Hand Weapons
 a - a +0 short sword (weapon)
Armour
 b - a +0 animal skin (worn)


   Skills:
 + Level 2.8 Fighting
 + Level 3.4 Short Blades
 + Level 1.7 Armour
 + Level 2.3 Dodging
 + Level 0.3 Stealth


You couldn't memorise any spells.
You didn't know any spells.
Your spell library was empty.

Dungeon Overview and Level Annotations

Branches:
Dungeon (1/15)

Altars:


Innate Abilities, Weirdness & Mutations

Your natural rate of healing is accelerated.
You have razor-sharp teeth.
You have supernaturally acute eyesight. (SInv)
You are afflicted with vampirism.
[You are extremely frail. (-30% HP)]


Message History

You see here a hobgoblin corpse.
You begin the revivification ritual.
You continue your ritual. x5
You return to life.
You feel frail.
You see here a hobgoblin corpse.
Okay, then.
Okay, then.
You start resting.
HP restored.
Okay, then.
Okay, then.
You see here a hobgoblin corpse.
Okay, then.
Okay, then.
Okay, then.
Okay, then.
Okay, then.
You begin bloodletting.
You continue bloodletting. x5
You become bloodless.
Okay, then.
You see here a hobgoblin corpse.
Okay, then.
Okay, then.
Okay, then.
You begin the revivification ritual.
You continue your ritual. x5
You return to life.
You feel frail.
You see here a hobgoblin corpse.
Okay, then.
You see here a hobgoblin corpse.
Okay, then.
Found 22 stones.
Unknown command.
Unknown command.
Unknown command.
There is a stone staircase leading down here.
You now have 37 gold pieces (gained 13).
Unknown command.
Unknown command.
Are you sure you want to abandon this character and quit the game? (Confirm with "yes".)

#.##.####### ### #..
###........... ...
#...#...##.######....
#.....#.##.#### ...
#...##..##....# #.#
#........####$##..#
#. #.##......†...# #
#..........##>.#
#@.>...........#
#........#.###...#
#...........# ..
#........#...(
#.###...###.... #.#
##..# ###..# #.# #.##
... #.# ... ..


There were no monsters in sight!

Vanquished Creatures
  A dart slug (D:1)
  2 hobgoblins (D:1)
  A bat (D:1)
4 creatures vanquished.

Notes
Turn   | Place    | Note
-------+----------+-------------------------------------------
     0 | D:1      | sammy202020 the Vampire Berserker began the quest for the
                  | Orb.
     0 | D:1      | Reached XP level 1. HP: 17/17 MP: 1/1
   130 | D:1      | Quit the game

Illustrated notes

Levels and vault maps discovered:
D:1:      dpeg_arrival_stone_temple_mockup, layout_rooms

Action                   || total
-------------------------++-------
Melee: Short sword       ||    10
       Bite              ||     2
 Abil: Exsanguinate      ||     3
       Revivify          ||     3
Armor: Animal skin       ||     2
Dodge: Dodged            ||     4

Table legend: (Time is in decaauts)
 A = Elapsed time spent in this place.
 B = Non-inter-level travel time spent in this place.
 C = Inter-level travel time spent in this place.
 D = Time resting spent in this place.
 E = Time spent auto-exploring this place.
 F = Levels seen in this place.
 G = Mean time per level.
                   A        B        C        D        E       F      G
               +--------+--------+--------+--------+--------+-----+--------+
         Total |    129 |    129 |      0 |     10 |     10 |   1 |  129.0 |
       Dungeon |    129 |    129 |      0 |     10 |     10 |   1 |  129.0 |
               +--------+--------+--------+--------+--------+-----+--------+

Top non-repeatable levels by time:
     D:1: 129 daAuts
